[Event "*** Titled Tuesday Blitz"]
[Site "Chess.com"]
[Date "2020.04.07"]
[Round "1"]
[White "Zq1"]
[Black "ferdipy"]
[Result "1-0"]
[WhiteElo "2541"]
[BlackElo "2157"]
[TimeControl "180+1"]
[EndTime "13:07:01 PDT"]
[Termination "Zq1 won by resignation"]

1. d4 Nf6 2. c4 e6 3. g3 d5 4. Bg2 Be7 5. Nf3 O-O 6. Nc3 c6 7. O-O b6 8. Ne5 Bb7 9. b3 Na6 10. e4 Rc8 11. Bg5 dxe4 12. Nxe4 Nxe4 13. Bxe7 Qxe7 14. Bxe4 c5 15. Bxb7 Qxb7 16. Qf3 Qxf3 17. Nxf3 f6 18. Rfd1 Rfd8 19. Kf1 Kf7 20. Ke2 g5 21. h3 h5 22. g4 h4 23. Rd2 Rd7 24.
Rad1 Rcd8 25. dxc5 Nxc5 26. Rxd7+ Rxd7 27. Rxd7+ Nxd7 28. Nd4 Nc5 29. Ke3 e5 30. Nb5 a5 31. Nd6+ Ke6 32.
Nc8 Nd7 33. f3 Kf7 34. a3 Ke6 35. b4 axb4 36. axb4 Kf7 37. Kd3 Ke6 38. Ke4 b5 39.
cxb5 Nf8 40. Nb6 Kd6 41. Nc4+ Kc7 42. Kd5 Kb7 43. Kd6 1-0

[Event "*** Titled Tuesday Blitz"]
[Site "Chess.com"]
[Date "2020.04.07"]
[Round "1"]
[White "2165149677570"]
[Black "Taron_Shagbazyan"]
[Result "0-1"]
[WhiteElo "2360"]
[BlackElo "2709"]
[TimeControl "180+1"]
[EndTime "13:07:02 PDT"]
[Termination "Taron_Shagbazyan won by checkmate"]

1. e4 e5 2. Nf3 Nc6 3. Bb5 a6 4. Ba4 Nf6 5. O-O b5 6. Bb3 Bb7 7. c3 Nxe4 8. d4 exd4 9. Re1 d5 10. Nxd4 Nxd4 11. cxd4 Be7 12. f3 Nd6 13. Nc3 c6 14. Qe2 Qd7 15. Bg5 f6 16. Bf4 Nf5 17. Rad1 Kf7 18.
Bc2 Rae8 19. g4 Nxd4 20. Qf2 Nxc2 21. Qxc2 h5 22. g5 fxg5 23. Be5 Bf6 24. Bxf6 gxf6 25. Ne4 Bc8 26. Qc3 Qa7+ 27. Kh1 dxe4 28. Rd6 Qe7 29. Rxc6 Bd7 30. Rxe4 Bxc6 31. Rxe7+ Rxe7 32. Qxc6 Rhe8 33. Qxa6 Re1+ 34. Kg2 R1e2+ 35. Kf1 Rxb2 36. Qa3 Rxh2 37. Qa7+ Re7 38. Qc5 Rhe2 39. Qxb5 R2e5 40. Qc4+ Kg7 41. a4 h4 42. Kf2 Rd7 43. Qg4 Ree7 44. a5 Rd2+ 45. Kf1 Ra2 46. Qb4 Rc7 47. Qb6 Rc1# 0-1

[Event "*** Titled Tuesday Blitz"]
[Site "Chess.com"]
[Date "2020.04.07"]
[Round "1"]
[White "MaxLeto"]
[Black "SahajGrover"]
[Result "0-1"]
[WhiteElo "2325"]
[BlackElo "2654"]
[TimeControl "180+1"]
[EndTime "13:07:02 PDT"]
[Termination "SahajGrover won on time"]

1. g4 d5 2. Bg2 c6 3. g5 e5 4. d4 e4 5. c4 h6 6. h4 hxg5 7. Bxg5 Be7 8. Qd2 Bf5 9. Nc3 Bxg5 10. hxg5 Rxh1 11. Bxh1 Ne7 12. f3 exf3 13. Nxf3 dxc4 14.
e4 Bg4 15. Ne5 Be6 16. d5 cxd5 17. exd5 Qd6 18. Nxc4 Qg3+ 19. Qf2 Qxf2+ 20. Kxf2 Bd7 21. Nd6+ Kf8 22. Nxb7 Na6 23. b3 Rc8 24. Rc1 Nb4 25.
Ne2 Nd3+ 26. Ke3 Nxc1 27. Nxc1 Rxc1 28. Be4 Nf5+ 29. Bxf5 Bxf5 30. d6 Rd1 31. Kf4 Bc8 0-1

[Event "*** Titled Tuesday Blitz"]
[Site "Chess.com"]
[Date "2020.04.07"]
[Round "1"]
[White "Cukiero"]
[Black "levallem"]
[Result "1-0"]
[WhiteElo "2522"]
[BlackElo "2081"]
[TimeControl "180+1"]
[EndTime "13:07:02 PDT"]
[Termination "Cukiero won by resignation"]

1. e4 c5 2. Nf3 g6 3. c3 Bg7 4. d4 cxd4 5. cxd4 d5 6. e5 Nc6 7. Nc3 Bg4 8. Be2 Nh6 9. h3 Bxf3 10. Bxf3 Nf5 11. Bxd5 Nfxd4 12. f4 e6 13. Bxc6+ Nxc6 14. Be3 O-O 15. Qxd8 Rfxd8 16. Rd1 Bf8 17. Ke2 Bb4 18. Ne4 Be7 19. a3 b6 20. b4 Rxd1 21. Rxd1 Rd8 22. Rc1 Nd4+ 23. Bxd4 Rxd4 24. Ke3 Rd7 25. Rc8+ Kg7 26.
g4 h6 27. b5 g5 28. f5 exf5 29. gxf5 f6 30. e6 Rb7 31. a4 h5 32. Nc3 Bc5+ 33. Kf3 Bb4 34. Nd5 Bc5 35. a5 Bd6 36. Rd8 Be7 37.
Nxe7 Rxe7 38. a6 Rc7 39. Rd7+ Rxd7 40. exd7 g4+ 41. hxg4 1-0

[Event "*** Titled Tuesday Blitz"]
[Site "Chess.com"]
[Date "2020.04.07"]
[Round "1"]
[White "Willychess95"]
[Black "DerKnipser"]
[Result "0-1"]
[WhiteElo "2608"]
[BlackElo "2306"]
[TimeControl "180+1"]
[EndTime "13:07:03 PDT"]
[Termination "DerKnipser won on time"]

1. e4 c5 2. Nf3 d6 3. d4 cxd4 4. Nxd4 Nf6 5. Nc3 g6 6. Be3 Bg7 7. Bc4 O-O 8. f3 Nc6 9. h4 Bd7 10. Qd2 Ne5 11. Bb3 Qa5 12. O-O-O Rfc8 13. Kb1 Nc4 14.
Bxc4 Rxc4 15. Nb3 Qa6 16. h5 Rac8 17. hxg6 fxg6 18. Bd4 Be6 19. g4 b5 20. g5 Nh5 21.
Bxg7 Kxg7 22. Nd4 Bf7 23. Rxh5 gxh5 24. Nf5+ Kf8 25. g6 hxg6 26. Qh6+ Ke8 27. Ne3 Rxc3 28. bxc3 Qxa2+ 29. Kc1 Rxc3 30. Qh8+ Kd7 31. Qxc3 a5 32.
Qb2 Qa4 33. Nd5 Bxd5 34. Rxd5 b4 35. Rd3 h4 36. Kb1 h3 37. Qc1 Qb5 38. Qh1 a4 0-1

[Event "*** Titled Tuesday Blitz"]
[Site "Chess.com"]
[Date "2020.04.07"]
[Round "1"]
[White "Arman_Hakemi"]
[Black "Blagorod"]
[Result "1-0"]
[WhiteElo "2530"]
[BlackElo "2125"]
[TimeControl "180+1"]
[EndTime "13:07:04 PDT"]
[Termination "Arman_Hakemi won on time"]

1. Nf3 Nc6 2. d4 d5 3. Bf4 Bf5 4. e3 e6 5. Bd3 Bxd3 6. Qxd3 Bd6 7. Bg3 Nge7 8. Nbd2 Nf5 9. Bxd6 cxd6 10. O-O O-O 11. b3 Rc8 12. c4 dxc4 13. bxc4 b6 14. Rab1 Nfe7 15. Rfc1 d5 16. cxd5 Nxd5 17. Nc4 Qe7 18. Nce5 Nxe5 19. Nxe5 Rxc1+ 20. Rxc1 Qb4 21. h3 Qb2 22.
Rc2 Qb1+ 23. Kh2 Nb4 24. Qb5 Qxc2 25. Qxb4 Qxa2 26. Kg3 Qd5 27. Qe7 Qd8 28. Qxa7 Qg5+ 29. Kh2 b5 30. Qb7 Qf5 31. Nc6 Qxf2 32. Ne7+ Kh8 33. Qxb5 Qxe3 34. Qc5 Qf4+ 35. Kg1 Qe3+ 36. Kf1 Qf4+ 37. Ke2 Qe4+ 38. Kf2 Qf4+ 39. Ke2 Qe4+ 40. Kd2 Qxg2+ 41. Kc3 Qxh3+ 42. Kb4 Qf1 43. Ng6+ 1-0

[Event "*** Titled Tuesday Blitz"]
[Site "Chess.com"]
[Date "2020.04.07"]
[Round "1"]
[White "JacekDubiel"]
[Black "Bigfish1995"]
[Result "0-1"]
[WhiteElo "2479"]
[BlackElo "2965"]
[TimeControl "180+1"]
[EndTime "13:07:05 PDT"]
[Termination "Bigfish1995 won by resignation"]

1. e4 c6 2. d4 d5 3. e5 Bf5 4. h4 h5 5. c4 e6 6. Nc3 Ne7 7. Bg5 Nd7 8. Nge2 f6 9. exf6 gxf6 10. Be3 dxc4 11. Ng3 Bg4 12. f3 Bf5 13. Bxc4 Nb6 14. Bb3 Qc7 15. Nxf5 Nxf5 16. Bf2 Nd5 17. Nxd5 exd5 18.
Qe2+ Kf7 19. O-O-O Bh6+ 20. Kb1 Ng3 21. Bxg3 Qxg3 22. Bc2 Rae8 23. Qd3 Re3 24. Qf5 Bf8 25. Rd2 Re6 26. a3 Bd6 27. Rh3 Qf4 28. Qxf4 Bxf4 29. Rd1 Re3 30. Bf5 Rg8 31. g4 hxg4 0-1

[Event "*** Titled Tuesday Blitz"]
[Site "Chess.com"]
[Date "2020.04.07"]
[Round "1"]
[White "Evhen_Taranenko"]
[Black "1977Ivan"]
[Result "0-1"]
[WhiteElo "2376"]
[BlackElo "2728"]
[TimeControl "180+1"]
[EndTime "13:07:05 PDT"]
[Termination "1977Ivan won on time"]

1. d4 Nf6 2. c4 d6 3. Nc3 e5 4. e3 Qe7 5. Nf3 g6 6. Be2 Bg7 7. O-O O-O 8. b3 e4 9. Nd2 Re8 10. Qc2 c5 11. d5 h5 12. Bb2 Nbd7 13. a4 Nf8 14. a5 N8h7 15. a6 bxa6 16. Ra5 Rb8 17.
Rfa1 h4 18. h3 Ng5 19. Nd1 Rb6 20. R1a4 Nd7 21. Bxg7 Kxg7 22. Qc3+ Qf6 23. Qxf6+ Kxf6 24. Nc3 Bb7 25. Na2 Rb8 26. b4 cxb4 27. Rxb4 Nc5 28. Rxb6 axb6 29. Ra3 Bc8 30. Rc3 Ke5 31. Nb4 Bd7 32. Nc6+ Bxc6 33. dxc6 Rc8 34. Ra3 Rxc6 35. Nb3 Nge6 0-1

[Event "*** Titled Tuesday Blitz"]
[Site "Chess.com"]
[Date "2020.04.07"]
[Round "1"]
[White "sergoy"]
[Black "thedjoker98"]
[Result "1-0"]
[WhiteElo "2858"]
[BlackElo "2451"]
[TimeControl "180+1"]
[EndTime "13:07:06 PDT"]
[Termination "sergoy won by resignation"]

1. d4 d5 2. c4 c6 3. Nf3 Nf6 4. Nc3 dxc4 5. a4 Bf5 6. Ne5 Nbd7 7. Nxc4 Nb6 8. Ne5 a5 9. f3 Nfd7 10. Nd3 e6 11. e4 Bg6 12. Be3 Bd6 13. Be2 O-O 14. Bf2 Qe7 15. O-O Rfd8 16. Re1 Rac8 17. Qb3 f6 18. Rad1 Bf7 19. Qc2 c5 20.
Qb1 cxd4 21. Bxd4 Nc5 22. Nf2 e5 23. Be3 Nc4 24. Bxc4 Bxc4 25. Nd5 Bxd5 26. Rxd5 Ne6 27. Red1 Nf4 28. Bxf4 exf4 29. Qd3 Bc7 30. Qb3 Kf8 31. Qxb7 Rxd5 32. Rxd5 Rb8 33. Qc6 Rxb2 34. h4 Bb6 35.
Qc8+ Kf7 36. Rd7 Bxf2+ 37. Kh2 Bg3+ 38. Kh3 Rb1 39. Rxe7+ Kxe7 40. Qc7+ Kf8 41. Kg4 g6 42. Qxh7 Rh1 43. Qxg6 Rxh4+ 44. Kf5 1-0

[Event "*** Titled Tuesday Blitz"]
[Site "Chess.com"]
[Date "2020.04.07"]
[Round "1"]
[White "MrrRefrao"]
[Black "Shtembuliak"]
[Result "0-1"]
[WhiteElo "2449"]
[BlackElo "2855"]
[TimeControl "180+1"]
[EndTime "13:07:07 PDT"]
[Termination "Shtembuliak won on time"]

1. e4 g6 2. d4 Bg7 3. Nc3 d6 4. Bf4 Nc6 5. Nge2 Nf6 6. Qd2 O-O 7. Bh6 e5 8. Bxg7 Kxg7 9. O-O-O Ng4 10. Qe1 exd4 11. Nxd4 Nxd4 12. Rxd4 Qf6 13. Rd2 Be6 14. f3 Ne5 15. Qg3 Rfe8 16. h4 h5 17. Be2 a6 18.
Nd5 Bxd5 19. Rxd5 Re6 20. Rhd1 Rae8 21. Kb1 R6e7 22. a3 Re6 23. R5d4 Nc6 24. Rd5 Re5 25. Bc4 R8e7 26. Rxe5 Nxe5 27. Bd5 b5 28. Qf2 Re8 29. Rf1 c6 0-1

[Event "*** Titled Tuesday Blitz"]
[Site "Chess.com"]
[Date "2020.04.07"]
[Round "1"]
[White "Walter_White_Poland"]
[Black "Schandenfreude"]
[Result "0-1"]
[WhiteElo "2113"]
[BlackElo "2526"]
[TimeControl "180+1"]
[EndTime "13:07:07 PDT"]
[Termination "Schandenfreude won on time"]

1. Nf3 Nf6 2. c4 e6 3. Nc3 d5 4. e3 Be7 5. b3 O-O 6. Be2 b6 7. Qc2 Bb7 8. Rg1 c5 9. g4 d4 10.
exd4 cxd4 11. Nb5 d3 12. Bxd3 Bxf3 13. g5 Nh5 14. Bxh7+ Kh8 15. Be4 Bxe4 16. Qxe4 Na6 17. Qh4 g6 18. Bb2+ Kh7 19. d4 Qb8 20. O-O-O Qf4+ 21. Qxf4 Nxf4 22. Rg4 Nh5 23. Rd3 Rfd8 24. Nc3 Bf8 25. Ne4 Bg7 26. Rh3 Kg8 27. d5 exd5 28. Nf6+ Bxf6 29. gxf6 Kf8 0-1

[Event "*** Titled Tuesday Blitz"]
[Site "Chess.com"]
[Date "2020.04.07"]
[Round "1"]
[White "Eloist"]
[Black "AustrianFalcon"]
[Result "0-1"]
[WhiteElo "2270"]
[BlackElo "2605"]
[TimeControl "180+1"]
[EndTime "13:07:10 PDT"]
[Termination "AustrianFalcon won by resignation"]

1. e4 g6 2. d4 Bg7 3. Nc3 d6 4.
Nf3 a6 5. Bc4 b5 6. Bd5 c6 7.
Bb3 Nf6 8. O-O O-O 9. e5 dxe5 10. Nxe5 Bb7 11. Bf4 Nbd7 12. Qe2 c5 13. dxc5 Nxc5 14. Rad1 Qc8 15. Rfe1 Nxb3 16. axb3 Qf5 17. Bg3 Rad8 18. Nd3 e6 19. Be5 Qg5 20. f3 Qf5 21. Nc5 Bc8 22. b4 h5 23. Bc7 Rxd1 24. Rxd1 g5 25.
h3 h4 26. Be5 Nh5 27. Bxg7 Kxg7 28. Qe4 Qf6 29. Rd6 Ng3 30. Qd4 Qxd4+ 31. Rxd4 e5 32.
Rd6 Bf5 33. N3e4 Bxe4 34. fxe4 Rc8 35. c3 a5 36. Nb7 axb4 37. cxb4 Rc1+ 38. Kf2 Nxe4+ 0-1

[Event "*** Titled Tuesday Blitz"]
[Site "Chess.com"]
[Date "2020.04.07"]
[Round "1"]
[White "stoleriu"]
[Black "imdarealist"]
[Result "1-0"]
[WhiteElo "2570"]
[BlackElo "2211"]
[TimeControl "180+1"]
[EndTime "13:07:10 PDT"]
[Termination "stoleriu won by resignation"]

1. e4 e5 2. Nf3 Nf6 3. Nxe5 d6 4.
Nf3 Nxe4 5. c4 c6 6. Nc3 Nf6 7. d4 d5 8. Bg5 dxc4 9. Bxc4 Be7 10. O-O O-O 11. Re1 Nbd7 12. Bb3 Nb6 13. Ne5 Nfd5 14. Bxe7 Nxe7 15. Nxf7 Rxf7 16. Bxf7+ Kxf7 17. Qh5+ Kg8 18. Qg5 Bf5 19. Rxe7 Bg6 20. Rae1 Qxd4 21. Rxb7 Rf8 22. Qe3 Qxe3 23. Rxe3 Nc4 24. Ree7 Bf7 25. Rxa7 Re8 26.
Rxe8+ Bxe8 27. Rb7 Nd6 28. Rb8 Kf7 29. a4 Ke6 30. a5 Bd7 31. a6 Nc8 32. Rb7 c5 33.
a7 Bc6 34. a8=Q 1-0

[Event "*** Titled Tuesday Blitz"]
[Site "Chess.com"]
[Date "2020.04.07"]
[Round "1"]
[White "King_of_the_wing"]
[Black "arminmusovic"]
[Result "0-1"]
[WhiteElo "2035"]
[BlackElo "2518"]
[TimeControl "180+1"]
[EndTime "13:07:10 PDT"]
[Termination "arminmusovic won on time"]

1. e4 c6 2. d4 d5 3. f3 e6 4. Nc3 Nf6 5. e5 Nfd7 6. f4 c5 7. Nf3 a6 8. a4 cxd4 9. Nxd4 Nc6 10. Be3 Bc5 11. Qd2 Nxd4 12. Bxd4 Bxd4 13. Qxd4 Qb6 14. Qxb6 Nxb6 15. a5 Nd7 16. b4 f6 17. exf6 O-O 18. Bd3 Nxf6 19. O-O Bd7 20. Ne2 Rac8 21. Nd4 g6 22. Rae1 Rfe8 23. Nb3 Rc3 24. Nc5 Bc8 25. h3 Kg7 26. Re5 Kf7 27. Rfe1 Rxc5 28. bxc5 Nd7 29. R5e3 Nxc5 30. f5 Nxd3 31. fxg6+ hxg6 32. Rxd3 Bd7 33. Rf3+ Kg7 34. Ref1 Re7 35. g4 e5 36. Rf6 Be6 37.
g5 Bxh3 38. Rb1 Bf5 39. Rbb6 Bxc2 40. Rfd6 Be4 0-1

[Event "*** Titled Tuesday Blitz"]
[Site "Chess.com"]
[Date "2020.04.07"]
[Round "1"]
[White "vovachesss"]
[Black "arctic_t00"]
[Result "0-1"]
[WhiteElo "2666"]
[BlackElo "2373"]
[TimeControl "180+1"]
[EndTime "13:07:11 PDT"]
[Termination "arctic_t00 won by resignation"]

1. e4 e6 2. Qe2 c5 3. Nf3 Nc6 4. g3 d6 5. Bg2 Nf6 6. O-O Be7 7. c3 O-O 8. d4 cxd4 9. cxd4 d5 10. e5 Ne4 11. Nbd2 Nxd2 12. Bxd2 Qb6 13. Be3 Bd7 14.
Rad1 Rfc8 15. h4 Nb4 16. a3 Bb5 17. Qe1 Nc2 18. Qd2 Bxf1 19. Bxf1 Qxb2 20. Bg5 Bxa3 21. Bd3 Nb4 22. Qf4 Nxd3 23. Rxd3 Qc1+ 24. Kg2 Qxf4 25. Bxf4 Bb4 26. Rb3 a5 27. h5 h6 28. g4 Rc3 29.
Rb1 Rc4 30. g5 hxg5 31. Bxg5 a4 32. h6 gxh6 33. Bf6 a3 34. Rh1 Bf8 35. Rh4 a2 36. Rg4+ Kh7 37. Rh4 a1=Q 38. Ng5+ Kg6 39. Nh3 Rxd4 40.
Nf4+ Rxf4 41. Rxf4 Ra4 42. Rf3 Rg4+ 43. Kh3 h5 0-1

[Event "*** Titled Tuesday Blitz"]
[Site "Chess.com"]
[Date "2020.04.07"]
[Round "1"]
[White "VincentKeymer"]
[Black "MFBerna"]
[Result "1-0"]
[WhiteElo "2639"]
[BlackElo "2307"]
[TimeControl "180+1"]
[EndTime "13:07:11 PDT"]
[Termination "VincentKeymer won by checkmate"]

1. Nf3 Nf6 2. c4 e6 3. Nc3 d5 4. e3 Be7 5. b3 O-O 6. Bb2 c5 7. cxd5 exd5 8. d4 Nc6 9. Be2 Re8 10. O-O cxd4 11. Nxd4 Ne5 12. h3 a6 13. Rc1 Ng6 14.
Bd3 Bd6 15. Nce2 Ne4 16. Bxe4 dxe4 17. Nc3 Nh4 18. Qh5 g6 19. Qe2 Qg5 20. f4 exf3 21.
Nxf3 Qg3 22. Nd5 Bxh3 23. Nf6+ Kf8 24. Nxh7+ Kg8 25. Nf6+ Kf8 26. Nh7+ Kg8 27. Rc4 Nxg2 28. Nf6+ Kf8 29. Qf2 Qxf2+ 30. Kxf2 Re6 31. Rh1 Bf5 32. Rh8+ Ke7 33. Rxa8 Nxe3 34. Re8# 1-0

[Event "*** Titled Tuesday Blitz"]
[Site "Chess.com"]
[Date "2020.04.07"]
[Round "1"]
[White "Megagigahiper3345"]
[Black "Mr_Sinigami"]
[Result "1-0"]
[WhiteElo "2298"]
[BlackElo "2603"]
[TimeControl "180+1"]
[EndTime "13:07:11 PDT"]
[Termination "Megagigahiper3345 won on time"]

1. d4 Nf6 2. c4 g6 3. Nc3 Bg7 4.
e4 d6 5. Be2 O-O 6. Be3 e5 7. d5 a5 8. g4 Na6 9. h4 Nc5 10. Bf3 Ne8 11. h5 f5 12. hxg6 fxe4 13. Nxe4 Nxe4 14. Bxe4 Nf6 15. gxh7+ Kh8 16. Bf5 Bxf5 17.
gxf5 e4 18. Nh3 Qd7 19. Qe2 Qxf5 20. O-O-O Ng4 21. Nf4 Be5 22. Rh5 Nxe3 23. Rxf5 Nxf5 24. Ng6+ Kg7 25. Nxf8 Rxf8 26. Rh1 Kh8 27. Qxe4 Nd4 28. Rg1 a4 29. Kd1 1-0

[Event "*** Titled Tuesday Blitz"]
[Site "Chess.com"]
[Date "2020.04.07"]
[Round "1"]
[White "Viuvanegra"]
[Black "aNONoNonono"]
[Result "0-1"]
[WhiteElo "1946"]
[BlackElo "2513"]
[TimeControl "180+1"]
[EndTime "13:07:12 PDT"]
[Termination "aNONoNonono won on time"]

1. d4 Nf6 2. c4 g6 3. Nc3 d5 4. cxd5 Nxd5 5. e4 Nxc3 6. bxc3 Bg7 7. Nf3 c5 8. Rb1 O-O 9. Be2 Nc6 10. d5 Bxc3+ 11.
Bd2 Bxd2+ 12. Qxd2 Nb8 13. h4 e6 14. Qh6 f6 15. h5 g5 16. dxe6 Qe7 17. e5 fxe5 18.
Qxg5+ Qxg5 19. Nxg5 Re8 20. O-O Nc6 21. Rfc1 b6 22. Bf3 Bb7 23. Rd1 Re7 24. Rd7 Rxd7 25. exd7 Nd8 26. Bg4 h6 27. Ne6 Nxe6 28. Bxe6+ Kf8 29.
Rd1 Ke7 30. Bf5 Rd8 31. f3 Bc6 32. Kf2 Bxd7 33. Bxd7 Rxd7 34. Re1 Rd2+ 35. Kg3 Kf6 0-1

[Event "*** Titled Tuesday Blitz"]
[Site "Chess.com"]
[Date "2020.04.07"]
[Round "1"]
[White "Azerichess"]
[Black "Frogo47"]
[Result "1-0"]
[WhiteElo "3001"]
[BlackElo "2486"]
[TimeControl "180+1"]
[EndTime "13:07:13 PDT"]
[Termination "Azerichess won by resignation"]

1. d4 Nf6 2. c4 g6 3. Nc3 d5 4. Bg5 Ne4 5. Bf4 Nxc3 6. bxc3 Bg7 7. e3 c5 8. cxd5 Qxd5 9. Qb3 Qxb3 10. axb3 cxd4 11.
cxd4 Nc6 12. Nf3 O-O 13. Bc4 Bg4 14. O-O Bxf3 15. gxf3 e5 16. dxe5 Nxe5 17. Bxe5 Bxe5 18. Ra5 Bc7 19. Ra2 Rfd8 20. f4 Rd6 21. Kg2 Bb6 22.
Be2 Rad8 23. Bf3 Rd2 24. Rxd2 Rxd2 25. Kg3 Rd7 26. h4 Kg7 27. Rc1 Bd8 28. h5 b6 29.
Rc8 Be7 30. Bc6 Rd3 31. Rc7 Bc5 32. Be8 gxh5 33. Bxf7 Kh6 34. Bg8 h4+ 35. Kxh4 Rd2 36. Kg3 Rd1 37. Rxh7+ Kg6 38. Rxa7 Kf6 39. Kf3 Rd2 40.
Bc4 Rb2 41. Rf7+ Kg6 42. Rb7 Kf6 43. Rh7 Kg6 44. Rh1 Kf6 45. Re1 b5 46. Bxb5 Rxb3 47. Bc6 Rb2 48. Be4 Ba7 49. Re2 Rb4 50. Ra2 Bb6 51.
Ra1 Rb2 52. Rb1 1-0

[Event "*** Titled Tuesday Blitz"]
[Site "Chess.com"]
[Date "2020.04.07"]
[Round "1"]
[White "ChessQueen"]
[Black "renehp"]
[Result "1-0"]
[WhiteElo "2788"]
[BlackElo "2413"]
[TimeControl "180+1"]
[EndTime "13:07:14 PDT"]
[Termination "ChessQueen won by resignation"]

1. e4 c5 2. c3 Nf6 3. e5 Nd5 4. Nf3 d6 5. d4 cxd4 6. cxd4 e6 7. Bc4 Nc6 8. O-O Be7 9. Qe2 O-O 10. Rd1 dxe5 11.
dxe5 b6 12. Bxd5 exd5 13. Nc3 Be6 14. Nb5 Rc8 15. h3 Qd7 16. Nbd4 Rfd8 17. Bf4 Bc5 18. Nxe6 Qxe6 19. a3 a5 20. Rac1 h6 21. Qd3 Rd7 22.
Bg3 Rcd8 23. Re1 Re8 24. Nh4 g6 25. Kh2 h5 26. f4 Ne7 27. Re2 Nf5 28. Nxf5 Qxf5 29.
Qxf5 gxf5 30. Rd1 Re6 31. Red2 h4 32. Bxh4 Be3 33. Rxd5 Bxf4+ 34. Bg3 Rxd5 35. Rxd5 Bc1 36. Rb5 Rc6 37. Bf2 Rc2 38. Bxb6 Rxb2 39. Rxb2 Bxb2 40. a4 Bxe5+ 41. Kg1 Bc3 42. Kf2 Kf8 43. Kf3 Ke7 44.
Ke3 Ke6 45. Kd3 Be1 46. Kc4 Ke5 47. Kb5 Kf4 48. Bc7+ Ke3 49. Bxa5 Bxa5 50. Kxa5 Kf2 51. Kb6 Kxg2 52. a5 f4 53. a6 f3 54. a7 f2 55.
a8=Q+ Kg1 56. Qg8+ 1-0

[Event "*** Titled Tuesday Blitz"]
[Site "Chess.com"]
[Date "2020.04.07"]
[Round "1"]
[White "AnonymousBread"]
[Black "julinha97"]
[Result "0-1"]
[WhiteElo "2529"]
[BlackElo "2197"]
[TimeControl "180+1"]
[EndTime "13:07:14 PDT"]
[Termination "julinha97 won on time"]

1. d4 Nf6 2. Nc3 d5 3. Bf4 g6 4.
e3 Bg7 5. h4 h6 6. Nf3 O-O 7. Bd3 c5 8. h5 c4 9. Be2 g5 10. Bg3 Nc6 11. Ne5 Qb6 12. Qd2 Bf5 13.
O-O Rad8 14. Na4 Qb4 15. Qxb4 Nxb4 16. c3 Nc6 17. b3 Ne4 18. Nxc6 bxc6 19. bxc4 dxc4 20.
Bh2 e5 21. Rfd1 exd4 22. cxd4 c5 23. f3 Nf6 24. Nxc5 Bc2 25. Rdc1 Bd3 26. Bxd3 cxd3 27. Nxd3 Nd5 28. Kf2 Rfe8 29. Re1 Nxe3 30. Rxe3 Rxe3 31. Re1 Bxd4 32. Rxe3 Re8 0-1

[Event "*** Titled Tuesday Blitz"]
[Site "Chess.com"]
[Date "2020.04.07"]
[Round "1"]
[White "karinachess1"]
[Black "AlanZhang"]
[Result "1-0"]
[WhiteElo "2531"]
[BlackElo "2126"]
[TimeControl "180+1"]
[EndTime "13:07:14 PDT"]
[Termination "karinachess1 won by resignation"]

1. Nf3 d5 2. c4 e6 3. g3 dxc4 4. Qa4+ Nd7 5. Bg2 a6 6. Qxc4 b5 7.
Qc2 Bb7 8. O-O Ngf6 9. d3 Be7 10. a4 O-O 11. Nbd2 c5 12. e4 Qc7 13. b3 Rfc8 14. Bb2 Bf8 15. Rfc1 Qd8 16. h3 g6 17. Rd1 Bg7 18.
Rac1 Qe7 19. Ne5 Nxe5 20. Bxe5 Nd7 21. Bxg7 Kxg7 22. Nf3 e5 23. h4 Rc7 24. Qb2 Rac8 25. Rc2 f6 26. Rdc1 Nb8 27. axb5 axb5 28. Bh3 Rd8 29. d4 exd4 30. Nxd4 Bxe4 31. Ne6+ Kg8 32. Nxd8 Bxc2 33. Ne6 Rc6 34. Qxc2 Rxe6 35. Bxe6+ Qxe6 36. Qxc5 Nd7 37. Qxb5 Ne5 38. Qb7 Nf7 39. Qc8+ Kg7 40.
Qxe6 h5 41. Rc7 Kh6 42. Qxf7 1-0

[Event "*** Titled Tuesday Blitz"]
[Site "Chess.com"]
[Date "2020.04.07"]
[Round "1"]
[White "Taabling"]
[Black "ElHelvetico"]
[Result "0-1"]
[WhiteElo "2279"]
[BlackElo "2610"]
[TimeControl "180+1"]
[EndTime "13:07:15 PDT"]
[Termination "ElHelvetico won on time"]

1. e4 c5 2. Nf3 d6 3. c3 Nf6 4.
h3 Nbd7 5. Bd3 b6 6. O-O Bb7 7. Re1 Qc7 8. Bc2 Rc8 9. d3 g6 10. Bf4 Bg7 11. Nbd2 e5 12. Be3 O-O 13. Nf1 d5 14.
Ng3 d4 15. Bd2 b5 16. a3 Rfd8 17. Rc1 c4 18. cxd4 exd4 19. Bb1 Nb6 20. Ba5 Bh6 21. Rc2 Qd7 22. Ne5 Qe6 23. Ng4 Nxg4 24. hxg4 cxd3 25. Rxc8 Rxc8 26. Bxb6 axb6 27. Bxd3 Rc1 28. Qe2 Rxe1+ 29. Qxe1 Qxg4 30. Qb4 Qd1+ 31. Bf1 d3 32. Qxb5 d2 33. Qe8+ Bf8 34. Qd8 h6 35. Ne2 Ba6 36. Nc3 Qxf1+ 37. Kh2 Qxf2 38. e5 Bf1 0-1

[Event "*** Titled Tuesday Blitz"]
[Site "Chess.com"]
[Date "2020.04.07"]
[Round "1"]
[White "StarkAst"]
[Black "norwaytoadog"]
[Result "1-0"]
[WhiteElo "2606"]
[BlackElo "2272"]
[TimeControl "180+1"]
[EndTime "13:07:16 PDT"]
[Termination "StarkAst won on time"]

1. e4 e5 2. Nf3 Nc6 3. d4 exd4 4. Nxd4 Nf6 5. Nxc6 bxc6 6. Qe2 Be7 7. Nc3 d5 8. e5 Nd7 9. e6 Nf6 10. exf7+ Kxf7 11. Be3 Bf5 12. O-O-O Re8 13. Qa6 Qd6 14. Na4 Ne4 15. f3 Bg5 16. Bxg5 Nxg5 17. Bd3 Bxd3 18. Qxd3 Qf4+ 19. Kb1 Qxa4 20. Qf5+ Kg8 21. Qxg5 Re2 22. Rd2 Rae8 23. Rxe2 Rxe2 24. Qd8+ Kf7 25. Qxc7+ Re7 26. Qg3 Re2 27. b3 Qd4 28. Qc7+ Kg8 29. Qxc6 Qd2 30. Rc1 d4 31. Qa8+ Kf7 32. Qxa7+ Kf8 33. Qb8+ Kf7 34.
Qc7+ Kf8 35. Qc8+ Kf7 36. a4 g6 37. Qc7+ Kf6 38. a5 d3 39. Qd6+ Kg7 40. Qxd3 1-0

[Event "*** Titled Tuesday Blitz"]
[Site "Chess.com"]
[Date "2020.04.07"]
[Round "1"]
[White "Alohamora11"]
[Black "Sharpchess22"]
[Result "0-1"]
[WhiteElo "2468"]
[BlackElo "2915"]
[TimeControl "180+1"]
[EndTime "13:07:17 PDT"]
[Termination "Sharpchess22 won by resignation"]

1. e4 c5 2. Nf3 e6 3. d4 cxd4 4. Nxd4 Nf6 5. Nc3 d6 6. g3 Nc6 7. Nb3 Be7 8. Bg2 Qc7 9. O-O a6 10. a4 O-O 11. f4 b6 12. g4 Nd7 13. g5 Bb7 14. Qh5 g6 15. Qh4 Rfe8 16. Rf3 Bf8 17. Rh3 h5 18. gxh6 Kh7 19. f5 Nb4 20. fxg6+ fxg6 21. Bg5 Nxc2 22. Rf1 Ne5 23. Bf6 Be7 24.
Nd4 Nxd4 25. Qf2 Bxf6 26. Qxf6 Qe7 27. Qf2 Ndc6 28. Qxb6 Rf8 29. Rd1 Rab8 30. Rg3 Bc8 31. Qe3 Rxb2 32. h4 Qxh4 33. Rh3 Qe7 34. Rg3 Nc4 35.
Qd3 Qa7+ 36. Kh1 N6e5 37. Qd4 Qe7 38. Nd5 exd5 39. exd5 Bf5 40. Rg1 Rd2 41. Qf4 Bh3 42. Qxf8 Qxf8 43. Bxh3 Qxh6 44. R1g2 Rd1+ 45. Kh2 Ne3 46. Re2 Nf1+ 0-1

[Event "*** Titled Tuesday Blitz"]
[Site "Chess.com"]
[Date "2020.04.07"]
[Round "1"]
[White "RojonR"]
[Black "IMTominho"]
[Result "0-1"]
[WhiteElo "2416"]
[BlackElo "2789"]
[TimeControl "180+1"]
[EndTime "13:07:17 PDT"]
[Termination "IMTominho won on time"]

1. e4 e5 2. Nf3 Nf6 3. Nxe5 d6 4. Nf3 Nxe4 5. c4 Be7 6. d4 d5 7. Bd3 Bb4+ 8. Nbd2 O-O 9. O-O Nxd2 10. Bxd2 Bxd2 11.
Qxd2 dxc4 12. Bxc4 Nc6 13. d5 Ne7 14. Ne5 Nf5 15.
Rad1 Nd6 16. Bd3 Re8 17. Rfe1 Qf6 18. Nc4 Bg4 19. f3 Bd7 20. Nxd6 Qxd6 21. Bb1 g6 22.
Kh1 b6 23. Be4 Re7 24. Re2 Rae8 25. Rde1 Bb5 26. Re3 a5 27. h3 Qb4 28. Qd1 Ba6 29.
g4 Kf8 30. g5 Qd6 31. Qd2 Qf4 32.
Qg2 h6 33. gxh6 Qxh6 34. R3e2 Bxe2 35. Rxe2 f5 36. d6 cxd6 37. Rf2 fxe4 38. fxe4+ Kg8 39. e5 dxe5 40. Qd5+ Kg7 41. Qd6 Qg5 0-1

[Event "*** Titled Tuesday Blitz"]
[Site "Chess.com"]
[Date "2020.04.07"]
[Round "1"]
[White "BobanBogosavljevic"]
[Black "Unknown_IM"]
[Result "1-0"]
[WhiteElo "2751"]
[BlackElo "2340"]
[TimeControl "180+1"]
[EndTime "13:07:17 PDT"]
[Termination "BobanBogosavljevic won by checkmate"]

1. Nf3 Nf6 2. c4 c5 3. g3 Nc6 4. Bg2 g6 5. O-O Bg7 6. d4 cxd4 7. Nxd4 O-O 8. c5 Qa5 9. Nb3 Qd8 10. Nc3 a5 11. Na4 Ng4 12. h3 Nge5 13. Qc2 Nb4 14. Qd2 Nc4 15. Qf4 d5 16. cxd6 Nxd6 17. Rd1 Qc7 18. Be3 Bd7 19. Nb6 Rad8 20. a3 Nc6 21. Nd5 Qb8 22. Nc5 e5 23. Qh4 Nf5 24. Nf6+ Bxf6 25.
Qxf6 Nxe3 26. fxe3 Bf5 27. g4 Bc2 28. Rxd8 Rxd8 29.
Rc1 Rd2 30. Rf1 Qe8 31. Nxb7 Nd8 32. Nd6 Qe6 33. Qxd8+ Kg7 34. Ne8+ Kh6 35. Qh4# 1-0